AoeStats
← OmarGutieG

Arabia

504457879Analyzed
2v2 RM · 27d ago on Sep 5, 2026· 31m 31s· 4 players
Game mode
Random Map
Map size
Medium (4 player)
Population
200
Speed
Normal
Resources
Standard
Victory
Conquest
Starting age
Dark Age
Ending age
Imperial Age
RankedLock teamsTeams togetherTeam positionsShared explorationLock speedFull tech treeHidden civsTurbo modeCheats
Victory
Defeat
🇮🇹 Ethiopians · Italy
1210
+18
🇫🇷 Burgundians · France
1207
+18
🇲🇽 Magyars · Mexico
1254
-19
🇲🇽 Maya · Mexico
1238
-17
Elficovich
6:27 Loom
9:41 Feudal Age
10:21 Double-Bit Axe
13:01 Fletching
23:00 Castle Age
21:15 Padded Archer Armor
22:56 Horse Collar
23:07 Crossbowman
23:45 Bodkin Arrow
26:48 Gold Mining
30:03 Bow Saw
29:57 Heavy Plow
Barath
8:27 Loom
10:49 Feudal Age
14:31 Wheelbarrow
15:35 Horse Collar
15:44 Double-Bit Axe
17:21 Bow Saw
18:54 Heavy Plow
21:54 Castle Age
20:39 Scale Barding Armor
21:49 Forging
21:59 Gold Mining
23:41 Two-Man Saw
23:12 Crop Rotation
22:05 Cavalier
22:47 Husbandry
24:06 Iron Casting
26:01 Gold Shaft Mining
26:17 Town Watch
27:40 Stone Mining
28:28 Chain Barding Armor
armigame1
7:13 Loom
9:24 Feudal Age
21:38 Castle Age
22:35 Bloodlines
25:16 Scale Barding Armor
28:04 Double-Bit Axe
OmarGutieG
0:27 Loom
9:17 Feudal Age
17:03 Fletching
19:22 Padded Archer Armor
24:28 Castle Age
23:27 Double-Bit Axe
23:34 Gold Mining
24:34 Crossbowman
25:24 Bodkin Arrow
26:02 Horse Collar
29:19 Thumb Ring
Connection lost

Rejoining the realm…

Still unreachable

The connection could not be restored.

Session expired

The server has moved on; the page needs a fresh start.